 Seeded DCSS version 0.32-a0-953-g508020473e (webtiles) character file.

Game seed: 202404166 (custom seed)

56 Orlauf the Slasher (level 3, -7/28 HPs)
             Began as a Demonspawn Gladiator on Apr 16, 2024.
             Mangled by a gnoll
             ... wielding a +0 flail
              (9 damage)
             ... on level 2 of the Dungeon.
             The game lasted 00:02:47 (1234 turns).

Orlauf the Slasher (Demonspawn Gladiator)           Turns: 1234, Time: 00:02:47

Health: -7/28      AC:  3    Str: 15 (16) XL:     3   Next: 69%
Magic:  3/3        EV: 10    Int:  5 (8)  God:
Gold:   167        SH:  0    Dex:  9 (12) Spells: 2/2 levels left

rFire   . . .        a - +0 long sword
rCold   . . .        (no shield)
rNeg    . . .        f - +0 leather armour
rPois   .            (helmet restricted)
rElec   .            (no cloak)
rCorr   .            (no gloves)
SInv    .            (no boots)
Will    .....        (no amulet)
Stlth   +            (no ring)
HPRegen 0.24/turn    (no ring)
MPRegen 0.08/turn

%: no passive effects
@: no status effects
A: antennae 1, clumsy 1
a: no special abilities


You were on level 2 of the Dungeon.
You visited 1 branch of the dungeon, and saw 2 of its levels.

You collected 167 gold pieces.

Inventory:

Hand Weapons
 a - a +0 long sword (weapon)
 b - a +2 dagger of venom
 h - a +0 short sword
Missiles
 d - a throwing net (quivered)
Armour
 f - a +0 leather armour (worn)
Scrolls
 l - a scroll of poison {unknown}
Potions
 c - a potion of resistance
 k - 2 potions of brilliance


   Skills:
 + Level 2.8 Fighting
 * Level 3.8 Long Blades
 - Level 1.7 Throwing
 - Level 2.6 Dodging


You had 2 spell levels left.
You didn't know any spells.
Your spell library contained the following spells:

 Spells                   Type           Power      Damage    Failure   Level
 Freeze                   Ice            0%         1d3       54%         1
 Cigotuvi's Dreadful Rot  Necr/Alch/Air  0%         N/A       69%         2
 Lesser Beckoning         Tloc           0%         N/A       69%         2
 Frozen Ramparts          Ice            0%         1d1       89%         3
 Hailstorm                Conj/Ice       0%         3d5       89%         3
 Maxwell's Portable Pile  Tloc           0%         2d(5-13)  89%         3
 Teleport Other           Tloc           0%         N/A       89%         3
 Animate Armour           Summ/Erth      0%         N/A       100%        4
 Ignite Poison            Fire/Alch      0%         N/A       100%        4
 Freezing Cloud           Conj/Ice/Air   0%         6-21      100%        5
 Lee's Rapid Deconstruct  Erth           0%         3d4*      100%        5
 Magnavolt                Erth/Air       0%         3d9       100%        7


Dungeon Overview and Level Annotations

Branches:
Dungeon (2/15)

Altars:

Shops:
D:2 [


Innate Abilities, Weirdness & Mutations

You have a pair of small antennae on your head.
You are clumsy. (Dex -2)


Message History

The hobgoblin is moderately wounded.
The hobgoblin hits you.
* * * LOW HITPOINT WARNING * * *
You barely miss the hobgoblin.
The hobgoblin is moderately wounded.
The hobgoblin closely misses you.
The hobgoblin hits you but does no damage.
You hit the hobgoblin.
The hobgoblin is severely wounded.
The hobgoblin barely misses you.
You closely miss the hobgoblin.
The hobgoblin is severely wounded.
The hobgoblin hits you.
* * * LOW HITPOINT WARNING * * *
Throw: javelin
Press: ? - help, Q - select action, (/) - cycle Shift-Dir - straight line, f - hobgoblin
Aim: a hobgoblin (severely wounded, 50% to hit)
You throw a javelin.
The javelin pierces through the hobgoblin!
You kill the hobgoblin!
The javelin completely misses the gnoll.
No other quiver actions available for cycling.
Okay, then.
You are too injured to fight recklessly!
You hit the gnoll.
The gnoll is moderately wounded.
The gnoll hits you with a +0 whip.
* * * LOW HITPOINT WARNING * * *
The gnoll barely misses you. The gnoll closely misses you.
You slash the gnoll!
The gnoll is heavily wounded.
The gnoll barely misses you. The gnoll hits you with a +0 whip.
* * * LOW HITPOINT WARNING * * *
You hit the gnoll.
The gnoll is severely wounded.
The gnoll completely misses you. The gnoll closely misses you.
You barely miss the gnoll.
The gnoll is severely wounded.
The gnoll hits you with a +0 flail!
You die...

..#####....##..#
#.## #....##.##
...# #....'..#
##.# #....'#######
##.# ####........#
##.# #........#
#.## #........#
#..# ##........#
##+## ##.......@.#
#...# #........gg#
#...#
#...#######)......
#...###...#
.......
#...##....###
.......
#...'........#
.......
#...#......#.#
....(..
#...#......# ..
.......
#...#......# #
.......


You could see 2 gnolls.

Vanquished Creatures
  A gnoll (D:2)
  3 endoplasms
  3 giant cockroaches (D:1)
  11 goblins
  7 hobgoblins (D:2)
  2 quokkas (D:1)
  A ball python (D:1)
  2 bats (D:1)
  A frilled lizard (D:2)
  7 kobolds
  2 rats (D:1)
40 creatures vanquished.

Notes
Turn   | Place    | Note
-------+----------+-------------------------------------------
     0 | D:1      | Orlauf the Demonspawn Gladiator began the quest for the
                  | Orb.
     0 | D:1      | Reached XP level 1. HP: 16/16 MP: 1/1
   110 | D:1      | Reached skill level 3 in Long Blades
   147 | D:1      | Gained mutation: You have a pair of small antennae on your
                  | head. [demonic ancestry]
   147 | D:1      | Reached XP level 2. HP: 19/22 MP: 2/2
   826 | D:2      | Found Vymeune's Armour Boutique.
   972 | D:2      | Reached XP level 3. HP: 21/28 MP: 3/3
  1006 | D:2      | Gained mutation: You are clumsy. (Dex -2) [potion of
                  | mutation]
  1232 | D:2      | HP: 1/28 [gnoll/+0 whip (2)]
  1234 | D:2      | Mangled by a gnoll

Illustrated notes

Levels and vault maps discovered:
D:1:      dpeg_arrival_long_road, layout_basic
D:2:      cheibrodos_greedy_goblins, layout_basic, serial_shops,
          nicolae_shop_crystal, uniq_terence

Skill      XL: |  1 |
---------------+----+-----
Long Blades    | 3 |  3.8
Fighting       | |  2.8
Throwing       | |  1.7
Dodging        | |  2.6

Action                     || total
---------------------------++-------
  Melee: Long sword        ||   130
  Throw: Javelin           ||     2
         Throwing net      ||     2
    Use: Scroll            ||     3
         Potion            ||     6
   Stab: Sleeping          ||     1
         Held in net/web   ||     1
 Armour: Leather armour    ||    76
         Skin              ||    12
  Dodge: Dodged            ||    73

Table legend: (Time is in decaauts)
 A = Elapsed time spent in this place.
 B = Non-inter-level travel time spent in this place.
 C = Inter-level travel time spent in this place.
 D = Time resting spent in this place.
 E = Time spent auto-exploring this place.
 F = Levels seen in this place.
 G = Mean time per level.
                   A        B        C        D        E       F      G
               +--------+--------+--------+--------+--------+-----+--------+
         Total |   1253 |   1210 |     43 |     97 |    788 |   2 |  626.5 |
       Dungeon |   1253 |   1210 |     43 |     97 |    788 |   2 |  626.5 |
               +--------+--------+--------+--------+--------+-----+--------+

Top non-repeatable levels by time:
     D:1: 843 daAuts
     D:2: 409 daAuts
